Map: Cyber Forest LE

Players

Bugsplatter - Winner!

  • Race: Zerg Zerg
  • League: Platinum
  • Spawn Location: 11:00

rocketman

  • Race: Zerg Zerg
  • League: Platinum
  • Spawn Location: 5:00

VOD

Have the link to the VOD?

Description

Roach timing

Time

  • Played on: March 9, 2019, 7:48 p.m.
  • Length: 6:55
Show
View Real Time Build Order
Export as new Build Order

Bugsplatter Zerg - Winner!

Build Orders: Hatch First 

Get SALT Encoding   

  12  0:01  Drone  
  13  0:13  Overlord  
  13  0:20  Drone  
  14  0:33  Drone x2  
  16  0:52  Hatchery  
  16  0:54  Drone  
  16  0:57  Drone  
  16  1:03  Drone  
  18  1:06  Extractor  
  17  1:19  Spawning Pool  
  17  1:22  Drone  
  17  1:25  Drone  
  18  1:29  Drone  
  19  1:40  Overlord  
  19  1:53  Drone  
  20  2:06  Queen, Zergling x4  
  24  2:08  Queen  
  26  2:32  Drone  
  26  2:33  Drone x3  
  30  2:39  Drone x2  
  32  3:02  Drone x4  
  36  3:22  Roach Warren  
  36  3:23  Drone, Overlord x3  
  36  3:25  Evolution Chamber  
  35  3:33  Lair  
  35  3:39  Drone  
  35  3:41  Queen  
  38  3:45  Extractor, Drone x4  
  38  3:46  Drone  
  38  3:47  Extractor  
  41  3:51  Zerg Missile Weapons Level 1  
  41  4:13  Roach x3  
  41  4:14  Roach x2  
  51  4:30  Roach x3  
  57  4:35  Roach  
  57  4:37  Overlord x2  
  59  5:09  Roach  
  59  5:10  Roach x3  
  59  5:11  Ravager  
  68  5:14  Overlord x2  
  49  5:52  Roach  
  49  5:53  Roach x5  
  61  6:03  Roach  
  59  6:23  Roach  
  59  6:24  Roach x2  
Show
View Real Time Build Order
Export as new Build Order

rocketman Zerg 

Build Orders: Hatch First, Zergling Baneling 

Get SALT Encoding   

  12  0:01  Drone  
  13  0:12  Overlord  
  13  0:17  Drone  
  14  0:30  Drone  
  14  0:31  Drone  
  16  0:36  Drone  
  17  0:54  Hatchery  
  17  0:57  Drone  
  17  1:07  Extractor  
  16  1:13  Spawning Pool  
  16  1:16  Drone  
  16  1:20  Drone  
  18  1:25  Drone  
  18  1:31  Drone  
  19  2:01  Queen  
  19  2:02  Zergling x2  
  19  2:06  Queen  
  19  2:07  Drone, Zergling x2  
  26  2:08  Drone  
  26  2:13  Overlord  
  27  2:17  Metabolic Boost  
  27  2:20  Drone  
  28  2:37  Queen  
  28  2:41  Queen  
  32  3:01  Drone  
  32  3:02  Drone x3  
  32  3:04  Overlord  
  35  3:07  Extractor, Baneling Nest  
  35  3:08  Drone  
  34  3:28  Zergling x2  
  34  3:30  Zergling x2  
  34  3:34  Zergling x2  
  37  3:35  Zergling x2  
  37  3:40  Hatchery  
  37  3:47  Zergling x4  
  37  3:48  Drone x2  
  41  4:01  Zergling x4  
  41  4:02  Drone, Overlord  
  44  4:12  Baneling  
  44  4:13  Baneling x7  
  44  4:25  Zergling x10  
  44  4:29  Baneling x3  
  49  4:31  Drone  
  49  4:37  Drone x2  
  52  4:50  Lair  
  50  4:53  Roach Warren  
  50  4:56  Drone x2  
  50  4:59  Extractor  
  50  5:00  Baneling x2  
  50  5:04  Drone  
  50  5:05  Extractor  
  50  5:08  Zergling x4  
  52  5:21  Spine Crawler, Zergling x2  
  51  5:22  Zergling x4  
  51  5:23  Drone  
  53  5:42  Zergling x8  
  50  5:43  Zergling x8  
  49  5:52  Zergling x6  
  49  5:53  Zergling x2  
  53  6:03  Overlord x2  
  50  6:05  Zergling x2  
  50  6:08  Zergling x2  
  50  6:10  Drone  
  48  6:16  Zergling x4  
  44  6:21  Baneling x3  
  44  6:22  Baneling x3  
  42  6:33  Zergling x8  
Tags
 
Add a new tag
Caveats
  • Supply blocks, unpowered buildings, or Contaminate may cause inaccurate times.
  • Supply counts are checked every 10 seconds.